 Dungeon Crawl Stone Soup version 0.31-a0-1067-gb2354cd (webtiles) character file.

Game seed: 478861743871459316

3386602 PurpleRed the Executioner (level 27, 254/254 HPs)
             Began as a Meteoran Delver on Nov 22, 2023.
             Was a High Priest of Cheibriados.
             Escaped with the Orb
             ... and 3 runes!
             The game lasted 03:46:11 (21679 turns).

PurpleRed the Executioner (Meteoran Delver)        Turns: 21679, Time: 03:46:12

Health: 254/254    AC: 35    Str: 45    XL:     27
Magic:  40/40      EV: 25    Int: 34    God:    Cheibriados [*****.]
Gold:   1496       SH: 23    Dex: 29    Spells: 44/50 levels left

rFire   + . .        B - +6 war axe (vamp)
rCold   + + .        l - +0 tower shield
rNeg    . . .        d - +2 gold dragon scales
rPois   +            W - +1 helmet
rElec   .            a - +2 cloak {rCorr}
rCorr   +            H - +0 pair of gloves
SInv    .            i - +1 pair of boots
Will    ++++.        h - amulet of Haxzuor {rC+ Regen+ Slay+2} Stlth
                     n - ring of willpower
HPRegen 1.42/turn    q - ring of Raidy {Wiz Drain +Blink Fly Str+8 Stlth-}
MPRegen 0.27/turn

%: wizardry (x1)
@: flying, glowing, very slow
A: sense surroundings 3, otherworldly, glowing, explore regen, talons 1, clever
1, poison resistance, weak 1, inability to read after injury 1
0: Orb of Zot
}: 3/15 runes: barnacled, silver, gossamer
a: Renounce Religion, Evoke Blink, Bend Time, Temporal Distortion, Slouch, Step
From Time


You escaped.
You worshipped Cheibriados.
Cheibriados was extremely pleased with you.
You visited 8 branches of the dungeon, and saw 44 of its levels.
You visited 2 bazaars.
You also visited: Ice Cave and Desolation.

You collected 3947 gold pieces.
You spent 2451 gold pieces at shops.

Inventory:

Hand Weapons
 o - a +1 hand cannon of freezing
 r - the +7 lajatang of Order {silver, rMut}
   (You took it off an orc warrior on level 5 of the Vaults)

   rMut:      It protects you from mutation.
 t - the +9 sling of Sandy Innocence {heavy, rC++ Will+++ Dex-5}
   (You found it on level 7 of the Dungeon)

   Dex-5:     It affects your dexterity (-5).
   rC++:      It greatly protects you from cold.
   Will+++:   It greatly increases your willpower.
 B - a +6 vampiric war axe (weapon)
 L - a +1 heavy broad axe
 M - a +6 war axe
Missiles
 e - 2 silver javelins
 I - 6 curare-tipped darts
Armour
 a - a +2 cloak of preservation (worn)
 d - +2 gold dragon scales (worn)
 i - a +1 pair of boots (worn)
 l - a +0 tower shield (worn)
 s - a +2 scale mail of cold resistance
 H - a +0 pair of gloves (worn)
 O - a +0 plate armour of fire resistance
 T - the +0 pair of boots "Awnam" {SInv}
   (You found it on level 4 of the Vaults)

   SInv:      It lets you see invisible.
 U - a +2 buckler of cold resistance
 W - a +1 helmet (worn)
Jewellery
 b - a ring of resist corrosion
 h - the amulet of Haxzuor (around neck) {rC+ Regen+ Slay+2}
   (You took it off an ironbound convoker in the Desolation of Salt)

   [amulet of regeneration]

   Slay+2:    It affects your accuracy & damage with ranged weapons and melee
   (+2).
   rC+:       It protects you from cold.
   Regen+:    It increases your rate of health regeneration.
 j - the amulet of Day {Reflect Fly SH+5}
   (You found it in the Desolation of Salt)

   [amulet of reflection]

   Reflect:   It reflects blocked missile attacks.
   Fly:       It grants you flight.
   SH+5:      It affects your SH (+5).
 k - a ring of poison resistance
 n - a ring of willpower (left hand)
 q - the ring of Raidy (right hand) {Wiz Drain +Blink Fly Str+8 Stlth-}
   (You found it in the Desolation of Salt)

   [ring of wizardry]

   Wiz:       It improves your spell success rate.
   Str+8:     It affects your strength (+8).
   Fly:       It grants you flight.
   +Blink:    It lets you blink.
   Drain:     It drains your maximum health when unequipped.
   Stlth-:    It makes you less stealthy.
 P - a ring of protection from fire
 X - the ring of Xom's Malicious Joy {rElec Dex+6}
   (You found it in the Desolation of Salt)

   [ring of dexterity]

   Dex+6:     It affects your dexterity (+6).
   rElec:     It insulates you from electricity.
Wands
 g - a wand of digging (21)
 G - a wand of acid (26)
 Y - a wand of roots (53)
Scrolls
 c - 7 scrolls of fog
 m - 2 scrolls of immolation
 u - 5 scrolls of teleportation
 v - a scroll of blinking
 A - 4 scrolls of revelation
 R - 9 scrolls of silence
 S - 3 scrolls of summoning
Potions
 f - 6 potions of cancellation
 p - 2 potions of lignification
 w - 3 potions of attraction
 x - 10 potions of curing
 y - a potion of berserk rage
 C - 8 potions of brilliance
 D - 2 potions of enlightenment
 E - 8 potions of ambrosia
 J - 12 potions of mutation
 K - 3 potions of heal wounds
 N - 6 potions of magic
 Q - 7 potions of might
 Z - 3 potions of resistance
Miscellaneous
 z - a lightning rod (4/4)
 F - a phantom mirror
 V - a phial of floods


   Skills:
 - Level 22.0 Fighting
 + Level 22.9 Axes
 - Level 18.0 Ranged Weapons
 - Level 19.0 Armour
 + Level 18.9 Dodging
 - Level 3.7 Stealth
 - Level 16.0 Shields
 - Level 12.0 Spellcasting
 - Level 1.5 Conjurations
 - Level 6.0 Translocations
 - Level 0.2 Fire Magic
 - Level 4.0 Air Magic
 + Level 16.7 Invocations


You had 44 spell levels left.
You knew the following spells:

 Your Spells              Type           Power      Damage    Failure   Level
a - Vhi's Electric Charg  Tloc/Air       100%       N/A       9%          4
b - Wereblood             Tmut           20%        N/A       11%         2

Your spell library contained the following spells:

 Spells                   Type           Power      Damage    Failure   Level
 Apportation              Tloc           100%       N/A       1%          1
 Shock                    Conj/Air       100%       1d9       2%          1
 Static Discharge         Conj/Air       78%        3-7/arc   3%          2
 Poisonous Vapours        Pois/Air       68%        N/A       4%          2
 Swiftness                Air            47%        N/A       4%          3
 Freeze                   Ice            80%        1d9       8%          1
 Necrotise                Necr           80%        1d8       8%          1
 Slow                     Hex            80%        N/A       8%          1
 Sting                    Tmut/Pois      80%        1d7       8%          1
 Summon Small Mammal      Summ           80%        N/A       8%          1
 Call Imp                 Summ           40%        N/A       11%         2
 Jinxbite                 Hex            40%        N/A       11%         2
 Sublimation of Blood     Necr           20%        N/A       11%         2
 Airstrike                Air            23%        2d(4-20)  14%         4
 Hailstorm                Conj/Ice       25%        3d7       16%         3
 Call Canine Familiar     Summ           20%        N/A       21%         3
 Confusing Touch          Hex            20%        N/A       21%         3
 Frozen Ramparts          Ice            40%        1d7       21%         3
 Inner Flame              Hex/Fire       21%        N/A       21%         3
 Sigil of Binding         Hex            20%        N/A       21%         3
 Summon Guardian Golem    Hex/Summ       20%        N/A       21%         3
 Vampiric Draining        Necr           20%        2d7       21%         3
 Dimensional Bullseye     Hex/Tloc       20%        N/A       21%         4
 Summon Lightning Spire   Summ/Air       34%        N/A       30%         4
 Flame Wave               Conj/Fire      26%        2d8       43%         4
 Sticky Flame             Conj/Fire      26%        2d5       43%         4
 Brom's Barrelling Bould  Conj/Erth      25%        2d5       45%         4
 Arcjolt                  Conj/Air       19%        1d29      52%         5
 Animate Armour           Summ/Erth      40%        N/A       54%         4
 Animate Dead             Necr           20%        N/A       54%         4
 Cause Fear               Hex            10%        N/A       54%         4
 Leda's Liquefaction      Hex/Erth       10%        N/A       54%         4
 Olgreb's Toxic Radiance  Pois           20%        N/A       54%         4
 Petrify                  Tmut/Erth      20%        N/A       54%         4
 Summon Ice Beast         Ice/Summ       20%        N/A       54%         4
 Freezing Cloud           Conj/Ice/Air   16%        6-21      65%         5
 Iskenderun's Battlesphe  Conj           30%        2d8       69%         5
 Fireball                 Conj/Fire      13%        3d7       77%         5
 Irradiate                Conj/Tmut      12%        3d15      78%         5
 Agony                    Necr           20%        N/A       86%         5
 Alistair's Intoxication  Tmut/Pois      13%        N/A       86%         5
 Borgnjor's Vile Clutch   Necr/Erth      10%        N/A       86%         5
 Lee's Rapid Deconstruct  Erth           10%        3d8*      86%         5
 Summon Mana Viper        Hex/Summ       20%        N/A       86%         5
 Conjure Ball Lightning   Conj/Air       19%        3x3d6     96%         6
 Plasma Beam              Fire/Air       17%        2x1d28    98%         6
 Bombard                  Conj/Erth      12%        9d3       100%        6
 Simulacrum               Ice/Necr       10%        N/A       100%        6
 Haunt                    Necr/Summ      10%        N/A       100%        7
 Monstrous Menagerie      Summ           10%        N/A       100%        7
 Orb of Destruction       Conj           15%        9d7       100%        7
 Ozocubu's Refrigeration  Ice            10%        4d9       100%        7
 Spellforged Servitor     Conj/Summ      12%        N/A       100%        7
 Summon Hydra             Summ           10%        N/A       100%        7
 Borgnjor's Revivificati  Necr           10%        N/A       100%        8
 Infestation              Necr           10%        N/A       100%        8
 Maxwell's Capacitive Co  Air            23%        ∞         100%        8
 Death's Door             Necr           10%        N/A       100%        9
 Dragon's Call            Summ           10%        N/A       100%        9
 Polar Vortex             Ice            10%        12d1*     100%        9


Dungeon Overview and Level Annotations

Branches:
Dungeon (15/15)            Temple (0/1) D:5            Lair (5/5) D:10
 Shoals (4/4) Lair:2       Spider (4/4) Lair:3        Slime (0/5) Lair:5
    Orc (2/2) D:9             Elf (0/3) Orc:2        Vaults (5/5) D:13
 Depths (4/4) D:15            Zot (5/5) Depths:4      IceCv (visited)
Desolation (visited)
  Crypt: Vaults:2-3

Altars:
Ashenzari
Cheibriados
Dithmenos
Gozag
Makhleb
Nemelex Xobeh
Ru
Trog
Uskayaw
Vehumet
Wu Jian
Zin
The Shining One
Jiyva

Shops:
D:11 *   D:14 [   Orc:2 (!![   Shoals:3 [(**

Portals:
Hell: Depths:1 Depths:3 Depths:4
Abyss: Depths:3
Pandemonium: Depths:4

Annotations:
D:3 3 runed translucent doors, Unit's ghost, weakling AtFi
D:9 1 runed translucent door
Zot:2 2 transporters


Innate Abilities, Weirdness & Mutations

You passively map a large area around you.
You are easily found by Zot.
You glow in the dark.
You regain HP and MP as you explore.
You have sharp toenails.
Your mind is acute. (Int +4, Str/Dex -1)
Your system is resistant to poisons. (rPois)
You are weak. (Str -2)
You occasionally lose the ability to read scrolls when taking damage.


Message History

You dice the ogre like an onion!!!
You kill the ogre!
Cheibriados appreciates the change of pace.
What level of the Dungeon? (default 1, ? - help)
Found a stone staircase leading down.
Found a staircase to the Ecumenical Temple.
There is a stone staircase leading up here.
You fly upwards.
There is a stone staircase leading down here.
There is a stone staircase leading up here.
You fly upwards.
Level annotation: 3 runed translucent doors, Unit's ghost, weakling AtFi
There is a stone staircase leading down here.
There is a stone staircase leading up here.
You fly upwards.
There is a stone staircase leading down here.
There is a stone staircase leading up here.
You fly upwards.
There is a stone staircase leading down here.
Okay, then.
Aiming: Dig
Press: ? - help, Shift-Dir - straight line A rock wall.
This square is covered in magical glow.
The rock shatters into small pieces.
You hit the plant.
The plant begins to die.
The plant is lightly damaged.
You hit the plant.
The plant is lightly damaged.
You slash the plant!
The plant is lightly damaged.
You slash the plant!
The plant is lightly damaged.
You slice the plant!!
The plant is moderately damaged.
You hit the plant.
The plant is moderately damaged.
A nearby plant withers and dies.
There is a staircase leading out of the dungeon here.
You have escaped!

........# ##.##
#.##.#.#.
........# ##.###
#.##...#.
...#.##.# ##.P#
#.####...
...#.##.# ##.###
#.......>
[.......# ###.##
#....####
........# #P.##
#....# ........#
###.########....#
....##..#
##............#
....##..#
#@########....#
....##..# ###
#....# ........#
#....# ...###.##
#....# .### #.#
#....# .# #.#
#....# .# #.#
###### .# #.#
.#####.#


There were no monsters in sight!

Vanquished Creatures
  4 dread liches
  4 ancient liches
  4 orbs of fire
  Mara (Vaults:3)
  A juggernaut (Depths:4)
  A pandemonium lord (Zot:2)
  Sojobo (Vaults:3)
  Boris (Vaults:3)
  The ghost of Soymp the Crack Shot, a veteran FoHu of Okawaru (Vaults:4)
  Bai Suzhen (Spider:4)
  Saint Roka (Vaults:5)
  3 Killer Klowns
  The ghost of Tiaserch the Hoplite, a veteran HOFi of Beogh (Depths:2)
  2 caustic shrikes
  6 golden dragons
  Jory (Vaults:4)
  Arachne (Spider:3)
  Jorgrun (D:15)
  11 tentacled monstrosities
  2 electric golems (Zot:5)
  2 liches (Depths:3)
  27 Orb Guardians
  2 walking crystal tomes
  4 quicksilver dragons
  6 titans
  A walking divine tome (Depths:3)
  2 sphinxes (Depths:3)
  5 death cobs
  An Executioner (D:7)
  11 storm dragons
  12 shadow dragons
  2 azure jellies (shapeshifter)
  Ilsuiw (Shoals:3)
  4 draconian monks
  6 tengu reavers
  A draconian knight (Depths:4)
  4 emperor scorpions (Spider:4)
  6 fire giants
  6 draconian scorchers
  3 imperial myrmidons (Desolation)
  10 frost giants
  5 ghost moths
  10 vault wardens
  5 draconian shifters
  2 iron dragons (Depths:3)
  Louise (Spider:4)
  4 deep elf sorcerers (Vaults:5)
  3 cacodemons
  2 broodmothers
  6 draconian annihilators
  A draconian stormcaller (Zot:5)
  A caustic shrike zombie (Depths:2)
  A formless jellyfish (shapeshifter) (Vaults:5)
  7 ironbound preservers
  4 spriggan defenders
  13 very ugly things
  A formless jellyfish (Vaults:4)
  An ironbound thunderhulk (Vaults:3)
  2 war gargoyles (Vaults:5)
  18 stone giants
  A deep elf annihilator (Depths:2)
  3 dire elephants
  9 purple draconians
  11 green draconians
  Azrael (D:12)
  2 vampire knights
  A halazid warlock (Desolation)
  7 white draconians
  8 black draconians
  Nessos (D:12)
  11 red draconians
  8 spark wasps
  8 yellow draconians
  2 spark wasps (shapeshifter)
  2 deep elf death magi (Vaults:5)
  A green death (D:7)
  6 ettins
  4 merfolk javelineers
  6 blizzard demons (Zot:2)
  A quicksilver dragon zombie (Depths:2)
  Snorg (D:11)
  7 entropy weavers
  6 fire dragons
  11 merfolk impalers
  2 deep elf high priests (Vaults:5)
  9 ragged hierophants (Desolation)
  6 great orbs of eyes
  9 yaktaur captains
  33 vault guards
  A great orb of eyes (shapeshifter) (Depths:2)
  4 hydras
  12 servants of whispers (Desolation)
  2 rakshasas
  8 ice dragons
  4 centaur warriors
  5 merfolk avatars
  5 radroaches
  6 spriggan air magi
  14 ironbound frosthearts
  4 merfolk aquamancers (Shoals:4)
  11 peacekeepers (Desolation)
  2 alligator snapping turtles
  2 catoblepae
  2 ogre magi (D:15)
  12 two-headed ogres
  2 death knights
  5 death yaks (Lair:5)
  5 deep troll shamans
  3 tengu warriors
  A sphinx skeleton (Depths:2)
  A death scarab (Spider:3)
  3 deep troll earth magi
  7 demonic crawlers
  A hell hog (Depths:1)
  2 vampire magi
  7 boulder beetles
  A shock serpent (shapeshifter) (Depths:3)
  A satyr (Shoals:3)
  A shock serpent (Spider:4)
  4 skysharks
  10 hell knights
  3 orc high priests (Orc:2)
  A soul eater (Depths:4)
  Nergalle (D:11)
  5 sun demons (Depths:1)
  8 pharaoh ants
  2 salamander mystics
  3 sun moths
  An iron troll (Depths:4)
  5 skeletal warriors
  2 sixfirhies
  16 deep trolls
  3 flayed ghosts
  A spriggan rider (Depths:2)
  A glowing orange brain (Depths:3)
  A swamp dragon (shapeshifter) (Vaults:5)
  9 sea snakes
  5 arcanists
  9 steelbarb worms
  An orange crystal statue (IceCv)
  10 lindwurms
  5 orc knights
  An orb spider (Spider:4)
  2 phantasmal warriors
  12 ironbound convokers
  9 necromancers
  28 harpies
  19 wolf spiders
  A faun (shapeshifter) (Vaults:5)
  7 orc sorcerers
  16 manticores
  10 cyclopes
  14 fauns
  3 shining eyes (Depths:1)
  7 large abominations
  4 salamanders (Depths:2)
  A tengu skeleton (Depths:2)
  26 ugly things
  14 moths of wrath
  5 guardian serpents (Desolation)
  14 merfolk sirens
  A black mamba (shapeshifter) (D:14)
  Maurice (D:12)
  10 black mambas
  A water nymph (shapeshifter) (Vaults:5)
  8 elephants
  A gargoyle (D:12)
  5 torpor snails
  A smoke demon (Depths:4)
  7 cane toads
  A torpor snail (shapeshifter) (Vaults:5)
  4 orange demons
  4 unseen horrors
  7 water nymphs
  15 vault sentinels
  12 rime drakes (IceCv)
  21 yaktaurs
  A hellion (Depths:4)
  9 komodo dragons
  A spriggan zombie (Depths:2)
  3 kobold demonologists
  5 freezing wraiths
  3 tengu conjurers
  5 trolls
  A hellwing (Zot:1)
  19 meliai
  3 burning bushes (Lair:4)
  2 hornets
  2 meliai (shapeshifter) (D:15)
  31 merfolk
  20 tarantellas
  5 glass eyes
  21 polar bears
  4 wind drakes
  85 saltlings (Desolation)
  6 dream sheep
  A wind drake (shapeshifter) (D:14)
  12 blink frogs
  9 snapping turtles
  21 jumping spiders
  10 slime creatures
  26 culicivoras
  A spriggan (Depths:2)
  2 shadows
  35 yaks
  9 water elementals
  2 wyverns (Lair:3)
  4 vampires
  2 wraiths
  A hog (shapeshifter) (D:14)
  5 fire elementals
  5 death yak simulacra (Lair:5)
  3 basilisks
  A chaos spawn (Zot:2)
  68 redbacks
  3 steam dragons
  19 humans (D:13)
  4 wargs
  8 small abominations (Depths:3)
  A vampire mosquito (D:10)
  3 acid dragons
  10 water moccasins
  2 hydra simulacra (Lair:5)
  5 hell hounds
  A swamp drake (D:10)
  21 orc warriors
  4 black bears
  An ettin simulacrum (Depths:2)
  9 ogres
  22 wolves
  6 centaurs
  2 kobold brigands
  17 bullfrogs
  2 gnoll sergeants
  A scorpion (D:5)
  22 wights
  3 elephant simulacra (Lair:5)
  A killer bee (D:10)
  3 howler monkeys
  3 electric eels (Lair:2)
  8 crimson imps (D:7)
  5 hounds
  15 orc priests
  2 jellies
  2 sleepcaps
  A gnoll bouda (D:8)
  4 iguanas
  19 orc wizards
  11 hell rats (Lair:5)
  20 gnolls
  4 adders
  A river rat (D:10)
  4 white imps
  A hell rat simulacrum (Lair:5)
  A worm (shapeshifter) (Vaults:5)
  3 worms
  3 dart slugs
  56 orcs
  7 endoplasms
  A giant cockroach (D:3)
  4 goblins
  4 hobgoblins
  A quokka (D:2)
  5 ball pythons
  6 bats
  3 frilled lizards
  6 kobolds
  7 rats
  A butterfly (Lair:3)
  4 spectral weapons
1785 creatures vanquished.

Vanquished Creatures (collateral kills)
  2 hydras (Lair:5)
  A hell rat (Lair:5)
3 creatures vanquished.

Vanquished Creatures (others)
  A golden dragon (Depths:3)
  A fire giant (Vaults:5)
  2 draconian knights (Zot:3)
  A spriggan defender (Depths:2)
  An orc wizard (Orc:2)
6 creatures vanquished.

Grand Total: 1794 creatures vanquished

Notes
Turn   | Place    | Note
-------+----------+-------------------------------------------
     0 | D:5      | PurpleRed the Meteoran Delver began the quest for the Orb.
     0 | D:5      | Reached XP level 1. HP: 19/19 MP: 2/2
    10 | D:5      | Noticed an orc priest
    25 | D:5      | Found a glowing silver altar of Zin.
    84 | D:4      | Noticed a sleepcap
   114 | D:4      | Found an ornate altar of the Wu Jian Council.
   170 | D:3      | Found a glowing golden altar of the Shining One.
   199 | D:3      | Reached XP level 2. HP: 25/26 MP: 3/3
   214 | D:3      | Found a runed translucent gate.
   214 | D:3      | Noticed Unit's ghost (weakling AtFi)
   214 | D:3      | Identified the +3 chain mail of Inviolability {-Tele Harm
                  | Rampage rN+}
   215 | D:3      | Found a runed translucent gate.
   223 | D:3      | Reached skill level 1 in Conjurations
   223 | D:3      | Found a runed translucent gate.
   261 | D:3      | Found a sacrificial altar of Ru.
   367 | D:3      | Reached XP level 3. HP: 30/31 MP: 5/5
   822 | D:1      | Reached XP level 4. HP: 40/40 MP: 6/6
  1049 | D:2      | Found a sparkling altar of Nemelex Xobeh.
  1202 | D:2      | Reached XP level 5. HP: 24/46 MP: 7/7
  1440 | D:4      | Reached skill level 5 in Axes
  1607 | D:5      | Reached XP level 6. HP: 46/53 MP: 8/8
  1683 | D:5      | Noticed an ogre
  1743 | D:6      | Reached skill level 5 in Fighting
  1743 | D:6      | Reached XP level 7. HP: 60/61 MP: 9/9
  1768 | D:6      | Found a snail-covered altar of Cheibriados.
  1776 | D:6      | Became a worshipper of Cheibriados the Contemplative
  1913 | D:6      | Found a shadowy altar of Dithmenos.
  1970 | D:7      | Found a bloodstained altar of Trog.
  2062 | D:7      | Noticed a steam dragon
  2074 | D:7      | Killed a steam dragon
  2075 | D:7      | Reached XP level 8. HP: 39/70 MP: 10/10
  2188 | D:7      | Reached * piety under Cheibriados
  2192 | D:7      | Identified the +9 sling of Sandy Innocence {heavy, rC++
                  | Will+++ Dex-5}
  2296 | D:6      | Gained mutation: You passively map the area around you.
                  | [Meteoran growth]
  2296 | D:6      | Reached XP level 9. HP: 66/78 MP: 11/11
  2584 | D:6      | Reached skill level 10 in Axes
  2655 | D:7      | Reached skill level 5 in Dodging
  2664 | D:7      | Reached ** piety under Cheibriados
  2796 | D:8      | Found an opulent altar of Gozag.
  2874 | D:8      | Found a broken altar of Ashenzari.
  2922 | D:8      | Found a radiant altar of Vehumet.
  3007 | D:8      | Reached XP level 10. HP: 78/88 MP: 12/12
  3066 | D:8      | Reached *** piety under Cheibriados
  3142 | D:10     | Entered Level 10 of the Dungeon
  3437 | D:9      | Reached **** piety under Cheibriados
  3466 | D:9      | Found a staircase to the Orcish Mines.
  3560 | D:9      | Found a runed translucent door.
  3560 | D:9      | Found a burning altar of Makhleb.
  3560 | D:9      | Noticed a sixfirhy
  3754 | D:11     | Noticed a manticore
  3766 | D:11     | Killed a manticore
  3767 | D:11     | Reached XP level 11. HP: 63/99 MP: 13/13
  3836 | D:10     | Noticed a +0 dagger
  3836 | D:10     | Noticed a +0 dagger
  3840 | D:10     | Found a hide-covered altar of Uskayaw.
  3894 | D:10     | Reached skill level 1 in Armour
  3894 | D:10     | Reached skill level 1 in Shields
  3935 | D:10     | Found a sparkling altar of Nemelex Xobeh.
  4180 | D:10     | Reached ***** piety under Cheibriados
  4181 | D:10     | Reached skill level 10 in Fighting
  4356 | D:10     | Found a staircase to the Lair.
  4361 | Lair:1   | Entered Level 1 of the Lair of Beasts
  4430 | Lair:1   | Reached skill level 15 in Axes
  4520 | Lair:2   | Upgraded the game from 0.31-a0-1066-g35875b3 to
                  | 0.31-a0-1067-gb2354cd
  4593 | Lair:2   | Reached XP level 12. HP: 100/108 MP: 14/14
  4719 | Lair:3   | Reached skill level 5 in Armour
  4719 | Lair:3   | Reached skill level 5 in Shields
  4719 | Lair:3   | Reached skill level 1 in Invocations
  4784 | Lair:3   | Found a hole to the Spider Nest.
  4917 | Lair:1   | Reached ****** piety under Cheibriados
  4964 | Lair:4   | Reached skill level 5 in Invocations
  4984 | Lair:4   | Reached XP level 13. HP: 109/117 MP: 18/18
  5008 | Lair:4   | Noticed a catoblepas
  5021 | Lair:4   | Killed a catoblepas
  5061 | Lair:5   | Entered Level 5 of the Lair of Beasts
  5107 | Lair:5   | Noticed a six-headed hydra
  5107 | Lair:5   | Noticed a four-headed hydra
  5113 | Lair:5   | Killed a ten-headed hydra
  5114 | Lair:5   | Noticed a six-headed hydra
  5116 | Lair:5   | Killed a six-headed hydra
  5121 | Lair:5   | Killed a six-headed hydra
  5203 | Lair:5   | Got the Spellbook of the Boggart and Transmigration
  5275 | Lair:5   | Noticed a four-headed hydra
  5281 | Lair:5   | Killed an eight-headed hydra
  5400 | Lair:5   | Noticed a catoblepas
  5400 | Lair:5   | Noticed a death yak
  5400 | Lair:5   | Noticed a death yak
  5400 | Lair:5   | Noticed a death yak
  5401 | Lair:5   | Noticed a death yak
  5408 | Lair:5   | Killed a death yak
  5413 | Lair:5   | Killed a catoblepas
  5414 | Lair:5   | Reached XP level 14. HP: 85/130 MP: 21/21
  5690 | Lair:5   | Found a viscous altar of Jiyva.
  5691 | Lair:5   | Found a staircase to the Slime Pits.
  6002 | Lair:2   | Found a staircase to the Shoals.
  6130 | Lair:1   | Reached skill level 10 in Invocations
  6243 | D:11     | Noticed Nergalle
  6254 | D:11     | Killed Nergalle
  6346 | D:11     | Noticed Snorg
  6356 | D:11     | Killed Snorg
  6420 | D:11     | Found Ritwun's General Store.
  6499 | D:12     | HP: 5/133 [skeletal warrior/+0 trident (15)]
  6531 | D:12     | HP: 3/133 [skeletal warrior/+0 halberd (20)]
  6535 | D:12     | Reached skill level 15 in Fighting
  6577 | D:12     | Reached XP level 15. HP: 65/141 MP: 23/23
  6603 | D:12     | Noticed Nessos
  6617 | D:12     | Killed Nessos
  6740 | D:13     | Noticed Maurice
  6751 | D:12     | Killed Maurice
  6851 | D:12     | Noticed Azrael
  6859 | D:12     | Killed Azrael
  6943 | D:13     | Identified a scroll of acquirement
  6944 | D:13     | Acquired a +5 vampiric war axe
  7024 | D:13     | Reached skill level 10 in Dodging
  7091 | D:13     | Found a gate to the Vaults.
  7224 | D:14     | Found Zehol's Antique Armour Boutique.
  7232 | D:14     | Bought a shiny helmet for 225 gold pieces
  7303 | D:14     | Found a glowing golden altar of the Shining One.
  7340 | D:14     | Reached XP level 16. HP: 104/154 MP: 24/24
  7400 | D:15     | Entered Level 15 of the Dungeon
  7482 | D:15     | Noticed Jorgrun
  7494 | D:15     | Killed Jorgrun
  7628 | D:15     | Found a staircase to the Depths.
  7858 | D:15     | Reached skill level 10 in Armour
  8200 | Orc:1    | Entered Level 1 of the Orcish Mines
  8287 | Orc:2    | Entered Level 2 of the Orcish Mines
  8532 | Orc:2    | Found Soelee's Antique Weapon Shop.
  8532 | Orc:2    | Found Louz's Armour Shoppe.
  8534 | Orc:2    | Found Doweris's Distillery.
  8534 | Orc:2    | Found Hurea's Distillery.
  8547 | Orc:2    | Bought a potion of heal wounds for 65 gold pieces
  8547 | Orc:2    | Bought a potion of heal wounds for 65 gold pieces
  8547 | Orc:2    | Bought a potion of invisibility for 104 gold pieces
  8561 | Orc:2    | Bought 2 potions of heal wounds for 120 gold pieces
  8561 | Orc:2    | Bought a potion of lignification for 36 gold pieces
  8561 | Orc:2    | Bought a potion of might for 48 gold pieces
  8610 | Orc:2    | Found a staircase to the Elven Halls.
  8873 | Spider:1 | Entered Level 1 of the Spider Nest
  8898 | Spider:1 | Learned a level 4 spell: Vhi's Electric Charge
  8923 | Spider:1 | Reached skill level 1 in Spellcasting
  8967 | Spider:1 | Reached XP level 17. HP: 163/163 MP: 25/25
  8968 | Spider:1 | Reached skill level 1 in Translocations
  8974 | Spider:2 | Reached skill level 1 in Air Magic
  9375 | Spider:4 | Entered Level 4 of the Spider Nest
  9504 | Spider:4 | Reached skill level 5 in Spellcasting
  9555 | Spider:4 | Noticed Bai Suzhen
  9621 | Spider:4 | Noticed Louise
  9672 | Spider:3 | Gained mutation: You passively map a large area around you.
                  | [Meteoran growth]
  9672 | Spider:3 | Reached XP level 18. HP: 55/172 MP: 26/28
  9710 | Spider:3 | Noticed Arachne
  9766 | Spider:3 | Killed Arachne
  9845 | Spider:4 | Reached skill level 5 in Translocations
  9869 | Spider:4 | Learned a level 2 spell: Wereblood
  9904 | Spider:4 | Reached skill level 10 in Shields
  9980 | Spider:4 | Killed Bai Suzhen
 10019 | Spider:4 | Reached skill level 10 in Spellcasting
 10040 | Spider:4 | Killed Louise
 10164 | Spider:4 | Got a gossamer rune of Zot
 10666 | Spider:2 | Reached XP level 19. HP: 180/180 MP: 34/34
 10981 | Shoals:1 | Entered Level 1 of the Shoals
 11332 | Shoals:3 | Reached skill level 15 in Dodging
 11603 | Shoals:3 | Noticed Ilsuiw
 11612 | Shoals:3 | Found a frozen archway.
 11661 | IceCv    | Entered an ice cave
 11942 | IceCv    | Reached XP level 20. HP: 191/191 MP: 37/37
 12112 | Shoals:3 | Killed Ilsuiw
 12203 | Shoals:4 | Entered Level 4 of the Shoals
 12540 | Shoals:4 | Identified the +6 mace of Tah Idamp {flame, Dex+2}
 12612 | Shoals:4 | Got a barnacled rune of Zot
 12878 | Shoals:3 | Found Lerriz's Visitors' Centre.
 12890 | Shoals:3 | Found Lerriz's Merfolk Armours.
 12890 | Shoals:3 | Found Lerriz's Merfolk Magic.
 12890 | Shoals:3 | Found Lerriz's Merfolk Weapons.
 12909 | Shoals:3 | Bought the Discursus on the Iceberg for 900 gold pieces
 13458 | Vaults:1 | Entered Level 1 of the Vaults
 13461 | Vaults:1 | Reached XP level 21. HP: 202/202 MP: 38/38
 13644 | Vaults:3 | Found a crumbling gateway.
 13654 | Desolati | Entered the Desolation of Salt
 13867 | Desolati | Identified the +0 flail of the Original Sin {drain, Drain
                  | rPois rCorr}
 13894 | Desolati | Identified the ring of Raidy {Wiz Drain +Blink Fly Str+8
                  | Stlth-}
 13982 | Desolati | Identified the ring of Xom's Malicious Joy {rElec Dex+6}
 13990 | Desolati | Identified the amulet of Day {Reflect Fly SH+5}
 14099 | Desolati | Identified the +8 long sword of Istros {heavy, MP+9}
 14133 | Desolati | Identified the amulet of Haxzuor {rC+ Regen+ Slay+2}
 14227 | Desolati | Got the Teachings on Creation and Unspeakable Rituals
 14245 | Desolati | Got the Annotations on Bright Bodies
 14274 | Desolati | Glimpsed the power of Zot.
 14361 | Vaults:3 | Noticed Mara
 14368 | Vaults:3 | Noticed PurpleRed's illusion
 14372 | Vaults:3 | Killed Mara
 14373 | Vaults:3 | Reached XP level 22. HP: 147/213 MP: 21/39
 14605 | Vaults:3 | Noticed Boris
 14606 | Vaults:3 | Noticed Sojobo
 14634 | Vaults:3 | Killed Boris
 14645 | Vaults:3 | Paralysed by an air elemental for 1 turns
 14648 | Vaults:3 | Paralysed by an air elemental for 1 turns
 14650 | Vaults:3 | Killed Sojobo
 14704 | Vaults:4 | Paralysed by a formless jellyfish for 1 turns
 14860 | Vaults:4 | Found a runed translucent door.
 14862 | Vaults:4 | Noticed Soymp's ghost (veteran FoHu)
 14953 | Vaults:4 | Killed Soymp's ghost
 14996 | Vaults:4 | Noticed Jory
 15024 | Vaults:4 | Killed Jory
 15067 | Vaults:4 | Found a flickering gateway to a bazaar.
 15090 | Bazaar   | Entered a bazaar
 15097 | Bazaar   | Found Dieluclo's Jewellery Shop.
 15135 | Bazaar   | Found Xorixan's General Store.
 15149 | Bazaar   | Found Himem's General Store.
 15177 | Bazaar   | Found Engecosi's Jewellery Shop.
 15241 | Bazaar   | Bought a scroll of silence for 114 gold pieces
 15255 | Bazaar   | Bought a scroll of revelation for 105 gold pieces
 15520 | Vaults:5 | Entered Level 5 of the Vaults
 15529 | Vaults:5 | Reached skill level 15 in Armour
 15534 | Vaults:5 | Noticed a golden dragon
 15561 | Vaults:4 | Reached XP level 23. HP: 223/223 MP: 40/40
 15565 | Vaults:4 | Killed a golden dragon
 15594 | Vaults:5 | Reached skill level 15 in Shields
 15789 | Vaults:4 | Identified the +0 pair of boots "Awnam" {SInv}
 15949 | Vaults:5 | Noticed an ancient lich
 15949 | Vaults:5 | Noticed Saint Roka
 15970 | Vaults:5 | Killed an ancient lich
 15993 | Vaults:5 | Killed Saint Roka
 16097 | Vaults:5 | Identified the +0 scale mail "Usudat" {rC+ Regen+ Int+3
                  | Dex-5}
 16188 | Vaults:5 | Identified the +0 ring mail "Boblib" {Fly Slay+2}
 16425 | Vaults:5 | Got a silver rune of Zot
 16428 | Vaults:5 | Reached XP level 24. HP: 198/211 MP: 40/40
 16621 | Vaults:5 | Noticed a golden dragon
 16636 | Vaults:5 | Killed a golden dragon
 16683 | Vaults:5 | Got Goapem's Cyclopedia of the Summoned Wendigo
 17083 | Depths:1 | Entered Level 1 of the Depths
 17088 | Depths:1 | Gained mutation: Your body sometimes deteriorates upon
                  | taking damage. [a shining eye]
 17090 | Depths:1 | Gained mutation: You are clumsy. (Dex -2) [a shining eye]
 17092 | Depths:1 | Gained mutation: You are weak. (Str -2) [a shining eye]
 17095 | Depths:1 | Gained mutation: Your body often deteriorates upon taking
                  | damage. [a shining eye]
 17095 | Depths:1 | Lost mutation: You are weak. (Str -2) [a shining eye]
 17097 | Depths:1 | Found a gateway to Hell.
 17117 | Depths:1 | Lost mutation: Your body often deteriorates upon taking
                  | damage. [potion of mutation]
 17117 | Depths:1 | Lost mutation: You are clumsy. (Dex -2) [potion of
                  | mutation]
 17117 | Depths:1 | Lost mutation: Your body sometimes deteriorates upon taking
                  | damage. [potion of mutation]
 17117 | Depths:1 | Gained mutation: Your mind is acute. (Int +4, Str/Dex -1)
                  | [potion of mutation]
 17117 | Depths:1 | Gained mutation: You have sharp toenails. [potion of
                  | mutation]
 17117 | Depths:1 | Gained mutation: You have supernaturally acute eyesight.
                  | (SInv) [potion of mutation]
 17117 | Depths:1 | Gained mutation: Your system is resistant to poisons.
                  | (rPois) [potion of mutation]
 17398 | Depths:2 | Noticed Tiaserch's ghost (veteran HOFi)
 17404 | Depths:2 | Found a runed translucent door.
 17454 | Depths:2 | Killed Tiaserch's ghost
 17487 | Depths:2 | Identified the +0 hat "Piserey" {Rampage Drain Int+3 Dex+2}
 17553 | Depths:2 | Reached XP level 25. HP: 238/238 MP: 40/40
 17568 | Depths:2 | Reached skill level 1 in Ranged Weapons
 17621 | Depths:2 | Noticed a golden dragon
 17621 | Depths:2 | Noticed a caustic shrike
 17631 | Depths:2 | Killed a caustic shrike
 17639 | Depths:2 | Killed a golden dragon
 17662 | Depths:2 | Identified the +7 morningstar of Abomination {flame, rN+
                  | Will- Dex+3}
 17718 | Depths:3 | Found a flickering gateway to a bazaar.
 17735 | Bazaar   | Entered a bazaar
 17741 | Bazaar   | Found Jeasireun's Assorted Antiques.
 17742 | Bazaar   | Found Vaiwoybe's Distillery.
 17745 | Bazaar   | Bought a scroll of revelation for 105 gold pieces
 17746 | Bazaar   | Found Neudyisch's Armour Shoppe.
 17761 | Bazaar   | Bought 2 potions of curing for 66 gold pieces
 17761 | Bazaar   | Bought 2 potions of cancellation for 176 gold pieces
 17767 | Bazaar   | Bought a scroll of teleportation for 42 gold pieces
 17775 | Bazaar   | Found Viuj's Weapon Shop.
 17783 | Bazaar   | Found Haoqynat's Distillery.
 17791 | Bazaar   | Bought a potion of heal wounds for 40 gold pieces
 17791 | Bazaar   | Bought a potion of resistance for 80 gold pieces
 17791 | Bazaar   | Bought a potion of mutation for 64 gold pieces
 17791 | Bazaar   | Bought a potion of mutation for 64 gold pieces
 17791 | Bazaar   | Bought a potion of might for 32 gold pieces
 17820 | Depths:4 | Entered Level 4 of the Depths
 17970 | Depths:4 | Noticed a juggernaut
 17982 | Depths:4 | Killed a juggernaut
 18055 | Depths:4 | Found a one-way gate leading to the halls of Pandemonium.
 18104 | Depths:4 | Found a gate to the Realm of Zot.
 18115 | Depths:4 | Reached skill level 5 in Ranged Weapons
 18201 | Zot:1    | Entered Level 1 of the Realm of Zot
 18358 | Zot:1    | Noticed a golden dragon
 18362 | Zot:1    | Noticed an orb of fire
 18363 | Zot:1    | Noticed a Killer Klown
 18364 | Zot:1    | Noticed a golden dragon
 18368 | Zot:1    | Killed a golden dragon
 18369 | Zot:1    | Killed an orb of fire
 18393 | Zot:1    | Killed a golden dragon
 18409 | Zot:1    | Killed a Killer Klown
 18430 | Zot:2    | Noticed a curse toe
 18435 | Zot:2    | Found a transporter.
 18435 | Zot:2    | Found a transporter.
 18483 | Zot:2    | Reached XP level 26. HP: 246/246 MP: 40/40
 18821 | Zot:3    | Noticed a curse toe
 18837 | Zot:3    | Reached skill level 15 in Invocations
 18881 | Zot:3    | Reached skill level 10 in Ranged Weapons
 19134 | Zot:5    | Entered Level 5 of the Realm of Zot
 19289 | Zot:5    | Noticed a dread lich
 19299 | Zot:5    | Killed a dread lich
 19617 | Zot:5    | Noticed an orb of fire
 19619 | Zot:5    | Noticed an ancient lich
 19619 | Zot:5    | Noticed an orb of fire
 19620 | Zot:5    | Noticed an ancient lich
 19622 | Zot:5    | Killed an ancient lich
 19623 | Zot:5    | Killed an orb of fire
 19623 | Zot:5    | Gained mutation: You are weak. (Str -2) [an orb of fire]
 19623 | Zot:5    | Noticed a Killer Klown
 19624 | Zot:5    | Reached XP level 27. HP: 184/254 MP: 21/40
 19624 | Zot:5    | Killed an orb of fire
 19625 | Zot:5    | Noticed an orb of fire
 19626 | Zot:5    | Noticed an ancient lich
 19627 | Zot:5    | Killed an ancient lich
 19628 | Zot:5    | Killed a Killer Klown
 19628 | Zot:5    | Noticed a Killer Klown
 19629 | Zot:5    | Reached skill level 15 in Ranged Weapons
 19631 | Zot:5    | Killed an orb of fire
 19632 | Zot:5    | Killed an ancient lich
 19634 | Zot:5    | Noticed a Killer Klown
 19634 | Zot:5    | Noticed a dread lich
 19634 | Zot:5    | Noticed a dread lich
 19728 | Zot:4    | Killed a dread lich
 19730 | Zot:4    | a Killer Klown changed into a titan
 19772 | Zot:5    | Killed a dread lich
 19777 | Zot:5    | Killed a Killer Klown
 19818 | Zot:5    | Noticed a dread lich
 19842 | Zot:5    | Killed a dread lich
 20058 | Depths:3 | Noticed a caustic shrike
 20103 | Depths:3 | Killed a caustic shrike
 20143 | Depths:3 | Found a one-way gate to the infinite horrors of the Abyss.
 20193 | Depths:3 | Identified the +5 morningstar "Kotzieg" {drain, rC+ rN++
                  | rCorr Dex-4}
 20949 | Zot:5    | Got the Orb of Zot
 20977 | Zot:5    | Gained mutation: You occasionally lose the ability to read
                  | scrolls when taking damage. [a cacodemon]
 21036 | Zot:2    | Noticed Eddaar the pandemonium lord
 21052 | Zot:2    | Killed Eddaar the pandemonium lord
 21175 | Zot:1    | Lost mutation: You have supernaturally acute eyesight.
                  | (SInv) [a cacodemon]
 21355 | Depths:1 | Noticed Wuddaunu the pandemonium lord
 21599 | D:5      | Found a staircase to the Ecumenical Temple.
 21679 | D:$      | Escaped with the Orb!

Illustrated notes

Levels and vault maps discovered:
D:1:      nagdon_arrival_zigzag_paths, layout_basic,
          wad_floor_pattern_untrapped, minmay_door_square, minivault_25
D:2:      layout_basic, basic_altar, minmay_misc_feat_hallway, kennysheep_path_1
D:3:      layout_loops_cross, marbit_many_paths,
          nicolae_ru_great_annihilating_truth, biasface_ghost_orc_armoury
D:4:      kennysheep_goblin_castle, layout_basic, xom_butterflies,
          pdpol_wu_jian_five_deadly_venoms, uniq_sigmund
D:5:      layout_cave_pools, zin_treasury, minmay_temple_entry_from_below_a
D:6:      layout_loops_ring, lemuel_coloured_pillars_altar,
          nicolae_dithmenos_the_darkroom, serial_co_window_serial,
          co_window_corner_a, co_window_paths_a, co_window_paths_b,
          co_window_paths_a, co_window_corner_a, co_window_broadway_b,
          co_window_unsneaky_path_d, co_window_broadway_a, co_window_4corner_b,
          co_window_paths_d, glass_columns_b, glass_columns_a, glass_columns_a
D:7:      layout_rooms, trog_three_pillars_becter, minmay_nine_imps
D:8:      layout_basic, mainiacjoe_overflow_boulevard, lemuel_tele_altar,
          nicolae_gozag_cash_rules_everything_around_me, kennysheep_crisscross
D:9:      layout_long_grid, nzn_makhleb_speed_demon,
          minmay_orc_entry_guard_dogs, minivault_25, roderic_serpentine_path
D:10:     cheibrodos_two_vegetables, layout_basic,
          nemelex_xobeh_ov_fountains_minmay, dancing_weapons_uskayaw,
          lair_entry_dummy, kennysheep_nondescript, nicolae_letterblocks
          [nicolae_letter_subblock, nicolae_letter_subblock,
          nicolae_letter_subblock, nicolae_letter_subblock,
          nicolae_letter_subblock, nicolae_letter_subblock,
          nicolae_letter_subblock, nicolae_letter_subblock,
          nicolae_letter_subblock, nicolae_letter_subblock,
          nicolae_letter_subblock, nicolae_letter_subblock,
          nicolae_letter_subblock, nicolae_letter_subblock,
          nicolae_letter_subblock, nicolae_letter_subblock,
          nicolae_letter_subblock, nicolae_letter_subblock,
          nicolae_letter_subblock, nicolae_letter_subblock,
          nicolae_letter_subblock, nicolae_letter_subblock,
          nicolae_letter_subblock, nicolae_letter_subblock,
          nicolae_letter_subblock]
D:11:     layout_grid_maze, serial_shops, shop, uniq_snorg, uniq_nergalle
D:12:     layout_rooms, uniq_azrael, uniq_nessos
D:13:     layout_rooms, grunt_vaults_entry_tiered, minmay_misc_feat_room,
          uniq_maurice
D:14:     layout_big_octagon, serial_shops, shop, basic_altar
D:15:     hangedman_depths_entry_try_elsewhere_first, layout_gridville,
          uniq_jorgrun
Lair:1:   layout_chaotic_city
Lair:2:   layout_regular_city, shoals_dummy_entry, minmay_lair_oklob_bushes,
          serial_bayou_shore_a, lemuel_fruit_fields
Lair:3:   layout_layer_cave, spider_nest_entry_webs, grunt_megastairs_2,
          lemuel_fruit_fields
Lair:4:   beast_lair_carwin_large_4, layout_cave_pods, minivault_19,
          evilmike_ambush [evilmike_ambush_outer_basic,
          evilmike_ambush_inner_pond], infiniplex_staircase_pool,
          serial_bayou_shore_b
Lair:5:   grunt_lair_end_beastmaster, layout_hall_layers,
          dpeg_slime_entry_enclosed, eino_house_with_fridge
Shoals:1: layout_shoals
Shoals:2: layout_shoals, nicolae_shoals_gull_way
Shoals:3: nicolae_shoals_mermall, layout_shoals, portal_ice_cave_entry_dragon,
          hangedman_shoals_cup_caves, uniq_ilsuiw
Shoals:4: shoals_end_hangedman, layout_shoals, ldierk_geyser
Spider:1: layout_chambers
Spider:2: layout_cave_pods
Spider:3: layout_spider_delve, drop_trap, uniq_arachne
Spider:4: hellmonk_spider_rune_bug_friends, nicolae_spider_paper_wasps,
          uniq_louise, uniq_bai_suzhen
Orc:1:    layout_caves
Orc:2:    grunt_orc_tribal_feast, layout_diamond_mine, basic_altar,
          nicolae_orc_rockfall, mines2_lemuel
Vaults:1: dpeg_vaults_hating_casters, v_misc_10,
          serial_library_regret_index_small_wings, v_misc_10,
          nicolae_vaults_trapezoid_lopsided_3, nicolae_vaults_hexular_roomagon,
          vaults_room_large_hall, v_misc_24, v_misc_33, nicolae_vaults_six-pack,
          vaults_room_fours, vaults_dpeg_spiral, vaults_dpeg_diagonal,
          nicolae_vaults_doubleplus_tesselated,
          nicolae_vaults_oval_intersection, ontoclasm_vaults_pinch,
          layout_vaults_maze
Vaults:2: nicolae_vaults_shrinking_rooms_2, minmay_crypt_entry_simple_statues,
          hangedman_vaults_nails, nicolae_vaults_alarming,
          vaults_standard_mumra_lines, nicolae_vaults_cornered_office,
          nicolae_vaults_taking_the_gang_shopping, vaults_room_fancy_cross,
          nicolae_vaults_trapezoid_1, nicolae_vaults_cochlea,
          nicolae_vaults_double_plus_1, st_lattice, layout_vaults_big_room,
          serial_shops, nicolae_shop_just_a_little_nook
Vaults:3: portal_desolation_entry_garden, nicolae_vaults_border_crossing,
          nicolae_vaults_trapezoid_4, nicolae_vaults_little_squares_2,
          vaults_room_hallway, ontoclasm_vaults_ring_small, v_pattern_5,
          ontoclasm_vaults_ring_large, vaults_mumra_hex,
          nicolae_vaults_storage_room_doors, nicolae_vaults_frosty_reception,
          nicolae_vaults_specimen_jars, nicolae_vaults_diamond_2,
          vaults_room_semicircle, hangedman_vaults_hat, layout_vaults_omnicross,
          serial_shops, shop, uniq_boris, uniq_zenata, uniq_mara, uniq_sojobo
Vaults:4: ebering_ghost_reflecting_pool, hangedman_vaults_variations,
          nicolae_vaults_tetromino_L_2, nicolae_vaults_house_2,
          nicolae_vaults_windows_and_doors_thing, hangedman_vaults_stagger,
          nicolae_vaults_thirteen_compartments, nicolae_vaults_tetromino_T_2,
          vaults_room_corners, nicolae_vaults_big_ls, nicolae_vaults_two_Ls,
          v_misc_24, nicolae_vaults_little_squares_4,
          nicolae_vaults_tetromino_T_1, layout_vaults_omnibox, serial_shops,
          bzr_entry_lakeside, uniq_xtahua, uniq_jory
Vaults:5: uniq_saint_roka
Depths:1: layout_gridville, enter_ziggurat_f, minmay_misc_feat_four_crosses,
          nicolae_hell_entry_hellmouth_sunbeams, nicolae_rejected_hall
Depths:2: minmay_expanding_squares, layout_cave_pools, hellmonk_ghost_big_iron,
          nicolae_kite_square_tiling_tiny, pf_coc_iceberg, pan_entry,
          special_room [special_room_mythical_zoo],
          amcnicky_mini_corridor_feature, infiniplex_staircase_pool_lava,
          minmay_shop_grove
Depths:3: nicolae_fronds_of_death, layout_long_grid, minmay_room_of_horrors,
          pf_vacation_house_of_asmodeus, bh_walls_and_bars, serial_shops,
          bzr_entry_road, uniq_parghit
Depths:4: grunt_zot_entry_funnels, layout_gridlike, pf_hell_entry_tar_spiral,
          roderic_roman_lattice, grunt_pan_entry_in_and_out
Zot:1:    grunt_deathspiral_small, layout_cathedral_of_symmetry,
          regret_index_zotdec_plus, uniq_tiamat
Zot:2:    regret_index_zot_pan_timeshare, layout_gridlike, nicolae_diode_stairs
Zot:3:    grunt_twist_and_shout, layout_cathedral_of_symmetry,
          st_single_dragon_hoard_2
Zot:4:    layout_concentric_octagons, guppyfry_library_mini
Zot:5:    layout_twisted_circle, regret_index_zotdec_onion_hex,
          lemuel_flame_loot_1

Skill      XL: |  1  2  3  4  5  6  7  8  9 10 11 12 13 14 15 16 17 18 19 20 21 22 23 24 25 26 27 |
---------------+----------------------------------------------------------------------------------+-----
Conjurations   | 1 |  1.5
Axes           | 3 4 5 6 7 9 11 13 15 16 18 20 22 | 22.9
Fighting       | 4 5 6 8 9 10 11 13 15 16 17 18 19 20 21 22 | 22.0
Dodging        | 4 5 8 10 12 13 14 15 17 18 | 18.9
Armour         | 4 5 8 10 11 12 13 15 16 18 19 | 19.0
Shields        | 4 5 6 9 10 11 14 16 | 16.0
Invocations    | 5 8 10 13 15 16 | 16.7
Spellcasting   | 1 6 10 12 | 12.0
Translocations | 4 6 |  6.0
Air Magic      | 4 |  4.0
Ranged Weapons | 7 14 18 | 18.0
Stealth        | |  3.7
Fire Magic     | |  0.2

Action                     |  1- 3 |  4- 6 |  7- 9 | 10-12 | 13-15 | 16-18 | 19-21 | 22-24 | 25-27 || total
---------------------------+-------+-------+-------+-------+-------+-------+-------+-------+-------++-------
  Melee: Hand axe          |    84 |    96 |       |       |       |       |       |       |       ||   180
         Punch             |     2 |     2 |       |       |       |       |       |       |       ||     4
         Battleaxe         |       |    29 |    26 |       |       |       |       |       |       ||    55
         Broad axe         |       |       |   166 |    33 |    57 |       |       |       |       ||   256
         War axe           |       |       |       |   297 |   636 |  1031 |  1311 |  1123 |  1339 ||  5737
   Fire: Hand cannon       |       |       |       |       |       |       |       |       |     5 ||     5
  Throw: Dart              |       |       |     2 |     3 |     2 |     2 |       |       |       ||     9
   Cast: Vhi's Electric Ch |       |       |       |       |       |     3 |    93 |    20 |    12 ||   128
         Wereblood         |       |       |       |       |       |     2 |     2 |     2 |       ||     6
 Invoke: Slouch            |       |       |       |       |     1 |       |       |    10 |    14 ||    25
         Step From Time    |       |       |       |       |       |       |     1 |     2 |     2 ||     5
  Evoke: Wand              |       |       |       |    11 |     1 |    11 |     2 |       |     8 ||    33
         Phantom mirror    |       |       |       |     1 |     2 |       |       |       |       ||     3
    Use: Potion            |     2 |     3 |     1 |     1 |     4 |     1 |     1 |     7 |     9 ||    29
         Scroll            |     2 |     1 |     8 |     7 |    10 |     8 |     2 |     4 |    12 ||    54
   Stab: Paralysed         |     2 |       |       |       |       |       |       |       |       ||     2
         Sleeping          |     2 |       |       |       |       |       |       |       |       ||     2
         Invisible         |     1 |       |       |       |       |       |       |       |       ||     1
         Petrified         |       |       |       |       |     2 |       |       |       |       ||     2
         Distracted        |       |       |       |       |     1 |       |       |       |     1 ||     2
 Armour: Leather armour    |    48 |       |       |       |       |       |       |       |       ||    48
         Chain mail        |     7 |   178 |    64 |       |       |   576 |    49 |       |       ||   874
         Scale mail        |       |       |   141 |   200 |   372 |    94 |   405 |   384 |       ||  1596
         Gold dragon scale |       |       |       |       |       |       |       |   175 |   762 ||   937
         Skin              |       |       |       |       |       |       |       |       |     2 ||     2
  Dodge: Dodged            |    42 |    60 |    97 |   167 |   383 |  1037 |   993 |   738 |   739 ||  4256
  Block: Kite shield       |       |       |   104 |   227 |   436 |  1311 |   479 |       |       ||  2557
         Reflection        |       |       |       |       |       |     6 |    78 |    49 |    31 ||   164
         Buckler           |       |       |       |       |       |       |   388 |       |       ||   388
         Tower shield      |       |       |       |       |       |       |   575 |  1611 |  1962 ||  4148

Table legend: (Time is in decaauts)
 A = Elapsed time spent in this place.
 B = Non-inter-level travel time spent in this place.
 C = Inter-level travel time spent in this place.
 D = Time resting spent in this place.
 E = Time spent auto-exploring this place.
 F = Levels seen in this place.
 G = Mean time per level.
                   A        B        C        D        E       F      G
               +--------+--------+--------+--------+--------+-----+--------+
         Total |  32118 |  29569 |   2549 |    177 |     82 |  48 |  669.1 |
       Dungeon |   9859 |   8699 |   1160 |     77 |     40 |  15 |  657.3 |
          Lair |   3256 |   2833 |    423 |      0 |      0 |   5 |  651.2 |
        Shoals |   3158 |   3156 |      2 |      2 |      0 |   4 |  789.5 |
   Spider Nest |   2896 |   2810 |     86 |     28 |      0 |   4 |  724.0 |
  Orcish Mines |    740 |    720 |     20 |      0 |      0 |   2 |  370.0 |
        Vaults |   3792 |   3710 |     82 |      0 |      0 |   5 |  758.4 |
        Depths |   2557 |   2256 |    301 |     46 |      0 |   4 |  639.2 |
           Zot |   3588 |   3118 |    470 |     24 |     42 |   5 |  717.6 |
        Bazaar |    785 |    785 |      0 |      0 |      0 |   2 |  392.5 |
      Ice Cave |    631 |    631 |      0 |      0 |      0 |   1 |  631.0 |
    Desolation |    853 |    853 |      0 |      0 |      0 |   1 |  853.0 |
               +--------+--------+--------+--------+--------+-----+--------+

Top non-repeatable levels by time:
Vaults:5: 1455 daAuts
    D:10: 1349 daAuts
   Zot:5: 1320 daAuts
Shoals:4: 1034 daAuts
Vaults:4: 1030 daAuts
Shoals:3: 985 daAuts
    D:15: 973 daAuts
Spider:4: 972 daAuts
     D:9: 959 daAuts
  Lair:5: 942 daAuts
Spider:3: 898 daAuts
Desolation: 853 daAuts
Depths:3: 821 daAuts
Depths:4: 795 daAuts
   Zot:1: 794 daAuts
